 Dungeon Crawl Stone Soup version 0.30-a0-845-g7c6808c8ce (webtiles) character file.

Game seed: 3111528528990235573

9 cforsyth the Sneak (level 2, -1/18 HPs)
             Began as a Kobold Brigand on Mar 2, 2023.
             Slain by a goblin
             ... wielding a +0 dagger
              (2 damage)
             ... on level 1 of the Dungeon.
             The game lasted 00:00:13 (154 turns).

cforsyth the Sneak (Kobold Brigand)                  Turns: 154, Time: 00:00:14

Health: -1/18      AC:  3    Str:  8    XL:     2   Next: 25%
Magic:  2/2        EV: 11    Int: 12    God:
Gold:   32         SH:  0    Dex: 16    Spells: 1/1 levels left

rFire   . . .      SeeInvis .    a - +2 dagger
rCold   . . .      Faith    .    (no shield)
rNeg    . . .      Spirit   .    b - +0 robe
rPois   .          Reflect  .    (no helmet)
rElec   .          Rampage  .    c - +0 cloak
rCorr   .                        (no gloves)
Will    .....                    (no boots)
Stlth   ++++                     (no amulet)
HPRegen 0.23/turn                (no ring)
MPRegen 0.08/turn                (no ring)

@: constricted
A: small, no large weapons, nightstalker 3
a: no special abilities


You were on level 1 of the Dungeon.
You visited 1 branch of the dungeon, and saw 1 of its levels.

You collected 32 gold pieces.

Inventory:

Hand Weapons
 a - a +2 dagger (weapon)
Missiles
 d - 15 poisoned darts (quivered)
 e - 3 curare-tipped darts
Armour
 b - a +0 robe (worn)
 c - a +0 cloak (worn)


   Skills:
 + Level 2.4 Fighting
 + Level 3.0 Short Blades
 - Level 2.1 Throwing
 + Level 1.6 Dodging
 + Level 5.5 Stealth


You had one spell level left.
You didn't know any spells.
Your spell library was empty.

Dungeon Overview and Level Annotations

Branches:
Dungeon (1/15)

Altars:


Innate Abilities, Weirdness & Mutations

You are small and have problems with some larger weapons.
You are completely attuned to the shadows.


Message History

You closely miss the ball python.
A bat comes into view.
The ball python barely misses you. The ball python constricts you.
The goblin completely misses you. The kobold hits you but does no damage.
The hobgoblin barely misses you.
You closely miss the ball python. The ball python bites you.
The ball python constricts you. The goblin hits you but does no damage.
The hobgoblin barely misses you. The kobold hits you but does no damage.
You closely miss the ball python. The ball python bites you.
The ball python constricts you.
You closely miss the ball python. The ball python misses you.
The ball python constricts you. The goblin barely misses you.
The kobold hits you with a +0 club.
* * * LOW HITPOINT WARNING * * *
The hobgoblin barely misses you.
You are too injured to fight recklessly!
You are too injured to fight recklessly!
You are too injured to fight recklessly!
You are too injured to fight recklessly!
You are too injured to fight recklessly!
You are too injured to fight recklessly!
You are too injured to fight recklessly!
You are too injured to fight recklessly!
You hit the hobgoblin.
The hobgoblin is severely wounded.
The ball python bites you.
* * * LOW HITPOINT WARNING * * *
The ball python constricts you. The goblin misses you.
The kobold barely misses you. The hobgoblin barely misses you.
You barely miss the hobgoblin.
The hobgoblin is severely wounded.
The ball python closely misses you. The ball python constricts you.
The kobold hits you but does no damage. The goblin hits you with a +0 dagger.
* * * LOW HITPOINT WARNING * * *
The hobgoblin misses you.
You closely miss the hobgoblin.
The hobgoblin is severely wounded.
The ball python misses you. The ball python constricts you.
The goblin hits you with a +0 dagger.
You die...

....# ....# ....#
....# ....# # ....#
####.##.. ....#
....##.#!.b#.... ....#
......#$KS#..#. #####
#.....#(g@#.... ###..
+.....####g# . ....#
#.........#)#..
.#######.........##.#
..............†....#.#
...................##.
#....................
##....##.............#
#####..#..............


You could see a hobgoblin, a goblin, a bat, a ball python and a kobold.

Vanquished Creatures
  2 bats (D:1)
  3 hobgoblins (D:1)
  2 kobolds (D:1)
  A frilled lizard (D:1)
8 creatures vanquished.

Notes
Turn   | Place    | Note
-------+----------+-------------------------------------------
     0 | D:1      | cforsyth the Kobold Brigand began the quest for the Orb.
     0 | D:1      | Reached XP level 1. HP: 12/12 MP: 1/1
   127 | D:1      | Reached XP level 2. HP: 18/18 MP: 2/2
   154 | D:1      | Slain by a goblin

Illustrated notes

Levels and vault maps discovered:
D:1:      dreamdust_arrival_sigmund_warning, layout_basic, minmay_vboxes

Skill      XL: |  1  2 |
---------------+-------+-----
Short Blades   | 3 |  3.0
Fighting       | |  2.4
Throwing       | |  2.1
Dodging        | |  1.6
Stealth        | |  5.5

Action                     || total
---------------------------++-------
  Melee: Dagger            ||    24
   Stab: Sleeping          ||     7
 Armour: Robe              ||     8
  Dodge: Dodged            ||    42

Table legend: (Time is in decaauts)
 A = Elapsed time spent in this place.
 B = Non-inter-level travel time spent in this place.
 C = Inter-level travel time spent in this place.
 D = Time resting spent in this place.
 E = Time spent auto-exploring this place.
 F = Levels seen in this place.
 G = Mean time per level.
                   A        B        C        D        E       F      G
               +--------+--------+--------+--------+--------+-----+--------+
         Total |    150 |    150 |      0 |      0 |    104 |   1 |  150.0 |
       Dungeon |    150 |    150 |      0 |      0 |    104 |   1 |  150.0 |
               +--------+--------+--------+--------+--------+-----+--------+

Top non-repeatable levels by time:
     D:1: 150 daAuts
